AoeStats
← Dougladhnn

Black Forest

509692669Analyzed
4v4 RM · 6d ago on Sep 27, 2026· 60m 49s· 8 players
Game mode
Random Map
Map size
Large (8 player)
Population
200
Speed
Normal
Resources
Standard
Victory
Conquest
Starting age
Dark Age
Ending age
Imperial Age
RankedLock teamsTeams togetherTeam positionsShared explorationLock speedFull tech treeHidden civsTurbo modeCheats
Victory
Defeat
🇹🇷 Bohemians · Türkiye
858
+10
🇹🇷 Sicilians · Türkiye
765
+14
🇹🇷 Celts · Türkiye
726
+15
🇹🇷 Huns · Türkiye
710
+16
🇧🇷 Dravidians · Brazil
737
-15
🇲🇽 Vikings · Mexico
722
-14
🇬🇧 Saxons · United Kingdom
710
-14
🇷🇴 Franks · Romania
681
-12
TarsalQuotient7
0:52 Loom
15:12 Feudal Age
20:53 Castle Age
19:30 Double-Bit Axe
19:47 Horse Collar
26:01 Bow Saw
27:14 Stone Mining
29:37 Wheelbarrow
28:55 Fishing Lines
30:28 Heavy Plow
30:25 Gold Mining
33:47 Hand Cart
33:56 Fletching
34:18 Forging
34:09 Scale Mail Armor
34:53 Gold Shaft Mining
37:34 Imperial Age
35:54 Coinage
35:26 Caravan
37:37 Bodkin Arrow
37:43 Padded Archer Armor
37:59 Chain Mail Armor
38:19 Iron Casting
37:53 Elite Varangian Guard
38:23 Arson
38:38 Squires
38:24 Gambesons
38:37 Elite Skirmisher
39:38 Leather Archer Armor
40:04 Crop Rotation
41:05 Ballistics
41:47 Chemistry
40:58 Fortified Wall
40:55 Siege Engineers
40:33 Treadmill Crane
40:43 Heated Shot
41:17 Ballistics
41:32 Plate Mail Armor
40:31 Elite Hearth Troop
40:39 Shield Wall
41:48 Thumb Ring
45:30 Guilds
45:49 Pikeman
48:13 Halberdier
50:26 Two-Man Saw
49:37 Capped Ram
50:32 Siege Ram
51:48 Onager
GUSTAVO SOSA JR.
10:11 Loom
13:05 Feudal Age
14:30 Horse Collar
14:51 Double-Bit Axe
24:01 Castle Age
21:55 Gold Mining
22:09 Scale Mail Armor
22:19 Forging
22:26 Forging
25:16 Bow Saw
25:25 Caravan
25:59 Coinage
30:44 Town Watch
32:24 Squires
32:10 Arson
36:16 Imperial Age
34:57 Chain Mail Armor
35:17 Iron Casting
37:14 Town Patrol
37:51 Plate Mail Armor
38:21 Blast Furnace
37:12 Elite Varangian Guard
39:02 Conscription
39:15 Chieftains
41:13 Elite Berserk
44:54 Chemistry
44:17 Ballistics
44:47 Man-at-Arms
44:50 Pikeman
Dougladhnn
2:57 Loom
14:04 Feudal Age
15:24 Horse Collar
15:31 Double-Bit Axe
15:30 Fishing Lines
20:37 Wheelbarrow
23:10 Castle Age
22:03 Gold Mining
22:03 Stone Mining
25:09 Padded Archer Armor
25:00 Fletching
25:58 Bow Saw
25:50 Heavy Plow
29:07 Leather Archer Armor
28:48 Bodkin Arrow
29:03 Forging
29:00 Scale Barding Armor
28:56 Scale Mail Armor
29:52 Hand Cart
31:30 Gillnets
31:59 Squires
31:44 Arson
32:53 Husbandry
36:02 Imperial Age
34:35 Pikeman
36:44 Fortified Wall
36:55 Ballistics
38:03 Thumb Ring
39:11 Town Watch
39:35 Caravan
40:09 Ring Archer Armor
39:40 Bracer
40:15 Iron Casting
40:01 Chain Barding Armor
39:56 Chain Mail Armor
40:28 Conscription
40:16 Medical Corps
40:46 Onager
41:43 Elite Elephant Archer
44:21 Chemistry
43:19 Halberdier
47:11 Hoardings
51:24 Wootz Steel
50:29 Elite Urumi Swordsman
alexdoctorofsoul
14:04 Feudal Age
14:52 Double-Bit Axe
17:15 Gold Mining
17:15 Stone Mining
24:49 Castle Age
24:06 Wheelbarrow
26:45 Gold Shaft Mining
26:52 Bow Saw
28:40 Caravan
31:02 Hand Cart
39:09 Imperial Age
39:19 Cavalier
41:05 Chemistry
40:16 Fortified Wall
40:54 Guard Tower
41:20 Paladin
42:05 Chivalry
43:10 Elite Throwing Axeman
ÇAKIR
3:03 Loom
13:08 Feudal Age
19:36 Castle Age
20:32 Horse Collar
20:43 Double-Bit Axe
26:17 Forging
26:10 Scale Mail Armor
29:39 Gold Mining
29:39 Stone Mining
35:53 Imperial Age
35:01 Bow Saw
35:11 Heavy Plow
37:38 Stronghold
38:03 Caravan
41:01 Coinage
40:41 Guilds
41:27 Iron Casting
41:07 Chain Mail Armor
42:23 Banking
41:34 Elite Woad Raider
44:06 Blast Furnace
43:36 Plate Mail Armor
44:41 Conscription
46:07 Capped Ram
48:51 Pikeman
50:02 Siege Ram
55:33 Fortified Wall
55:40 Masonry
55:37 Siege Engineers
55:28 Murder Holes
55:28 Heated Shot
SOBACI İBO
0:37 Loom
15:09 Feudal Age
18:01 Wheelbarrow
21:31 Castle Age
21:37 Padded Archer Armor
21:28 Fletching
21:47 Scale Mail Armor
24:37 Double-Bit Axe
24:46 Horse Collar
25:52 Heavy Plow
27:03 Pikeman
29:22 Leather Archer Armor
29:03 Bodkin Arrow
31:42 Hand Cart
32:37 Gold Mining
32:37 Stone Mining
34:24 Bow Saw
36:21 Heated Shot
36:52 Ballistics
36:28 Murder Holes
40:39 Imperial Age
40:04 Caravan
40:42 Bodkin Arrow
41:03 Chain Mail Armor
41:00 Forging
41:34 Heavy Scorpion
41:41 Elite Serjeant
41:43 Halberdier
44:58 Chemistry
45:42 Plate Mail Armor
45:12 Bracer
45:49 Iron Casting
LittleChief
13:00 Feudal Age
13:39 Double-Bit Axe
13:37 Horse Collar
15:25 Wheelbarrow
22:54 Castle Age
21:07 Scale Barding Armor
21:13 Forging
20:59 Gold Mining
21:00 Stone Mining
21:07 Stone Mining
23:29 Bloodlines
24:23 Husbandry
25:00 Hand Cart
26:04 Gold Shaft Mining
26:14 Bow Saw
27:01 Heavy Plow
34:30 Imperial Age
33:12 Iron Casting
32:57 Chain Barding Armor
34:07 Caravan
36:22 Blast Furnace
36:01 Plate Barding Armor
35:00 Cavalier
38:21 Paladin
40:45 Marauders
41:23 Atheism
58:16 Elite Tarkan
E|E #
0:28 Loom
13:36 Feudal Age
16:45 Wheelbarrow
21:29 Castle Age
20:16 Double-Bit Axe
20:13 Horse Collar
22:26 Wheelbarrow
22:49 Bow Saw
30:15 Hand Cart
30:53 Heavy Plow
36:27 Chemistry
35:49 Ballistics
36:35 Wagenburg Tactics
39:31 Imperial Age
37:37 Murder Holes
39:12 Caravan
39:37 Elite Hussite Wagon
40:41 Conscription
40:29 Hussite Reforms
40:51 Siege Engineers
41:09 Houfnice
Connection lost

Rejoining the realm…

Still unreachable

The connection could not be restored.

Session expired

The server has moved on; the page needs a fresh start.